 Dungeon Crawl Stone Soup version 0.29-a0-648-g6b26cc9f40 (webtiles) character file.

Game seed: 7709350932359146144

2613 Rocko1345 the Arsonist (level 9, -1/61 (64) HPs)
             Began as a Red Draconian Fire Elementalist on June 20, 2022.
             Slain by a wight
             ... wielding a +5 great sword
              (13 damage)
             ... on level 7 of the Dungeon.
             The game lasted 00:30:59 (8012 turns).

Rocko1345 the Arsonist (DrFE)                       Turns: 8012, Time: 00:31:00

HP:   -1/61 (64)    AC:  7    Str: 10    XL:     9   Next: 34%
MP:   13/20         EV: 13    Int: 20    God:
Gold: 286           SH:  0    Dex: 18    Spells: 6/22 levels left

rFire   + . .      SeeInvis .   A - +4 trident (vorpal)
rCold   . . .      Faith    .   (no shield)
rNeg    . . .      Spirit   .   (body armour unavailable)
rPois   +          Reflect  .   (helmet restricted)
rElec   .          Harm     .   (no cloak)
rCorr   .          Rampage  .   (no gloves)
Will    .....                   (no boots)
Stlth   ++........              (no amulet)
HPRegen 0.20/turn               c - +6 ring of dexterity
MPRegen 0.17/turn               k - ring of poison resistance

@: lightly drained
A: breathe fire, AC +7, unfitting armour, fire resistance 1, cold-blooded
a: Breathe Fire


You were on level 7 of the Dungeon.
You visited 1 branch of the dungeon, and saw 7 of its levels.
You also visited: Ossuary.

You collected 286 gold pieces.

Inventory:

Hand Weapons
 i - a +0 flail
 o - a +2 dagger of speed
 A - a +4 vorpal trident (weapon)
 D - a +3 hand axe
Missiles
 t - 2 throwing nets
 B - 4 boomerangs
Jewellery
 c - a +6 ring of dexterity (left hand)
 k - a ring of poison resistance (right hand)
 w - a ring of protection from fire
Wands
 s - a wand of iceblast (9)
 x - a wand of flame (4)
Scrolls
 b - a scroll of poison {unknown}
 d - a scroll of magic mapping
 e - a scroll of vulnerability {unknown}
 g - a scroll of acquirement {unknown}
 h - 5 scrolls of teleportation
 m - 2 scrolls of immolation
 n - 2 scrolls of brand weapon {unknown}
 q - 2 scrolls of fog {unknown}
 r - a scroll of torment {unknown}
 v - a scroll of enchant armour {unknown}
 y - a scroll of amnesia {unknown}
 C - a scroll of silence {unknown}
Potions
 f - 3 potions of curing
 j - 2 potions of brilliance
 l - a potion of heal wounds {unknown}
 p - 3 potions of haste {unknown}
 u - a potion of berserk rage {unknown}
 z - 2 potions of flight {unknown}


   Skills:
 + Level 1.0 Fighting
 + Level 1.6 Short Blades
 + Level 2.2 Polearms
 * Level 3.6 Dodging
 + Level 2.8 Stealth
 * Level 7.4 Spellcasting
 + Level 2.5 Conjurations
 * Level 9.0 Fire Magic
 * Level 3.1 Ice Magic


You had 6 spell levels left.
You knew the following spells:

 Your Spells              Type           Power      Damage    Failure   Level
a - Foxfire               Conj/Fire      100%       2x1d9     1%          1
b - Scorch                Fire           86%        2d9       1%          2
c - Ensorcelled Hibernat  Hex/Ice        26%        N/A       7%          2
d - Static Discharge      Conj/Air       12%        N/A       9%          2
e - Flame Wave            Conj/Fire      30%        2d8       9%          4
f - Conjure Flame         Conj/Fire      30%        6-21      2%          3
g - Passwall              Tmut/Erth      5%         N/A       14%         2

Your spell library contained the following spells:

 Spells                   Type           Power      Damage    Failure   Level
 Inner Flame              Hex/Fire       25%        N/A       4%          3
 Poisonous Vapours        Pois/Air       14%        N/A       14%         2
 Gell's Gravitas          Tloc           7%         N/A       26%         3
 Swiftness                Air            7%         N/A       26%         3
 Iskenderun's Mystic Bla  Conj/Tloc      12%        2d5       47%         4
 Cause Fear               Hex            3%         N/A       65%         4
 Corpse Rot               Necr/Pois/Air  7%         N/A       65%         4
 Lightning Bolt           Conj/Air       6%         1d18      83%         5
 Dragon Form              Tmut           3%         N/A       100%        7
 Maxwell's Capacitive Co  Air            3%         ∞         100%        8
 Dragon's Call            Summ           3%         N/A       100%        9


Dungeon Overview and Level Annotations

Branches:
Dungeon (7/15)            Ossuary (visited)
 Temple: D:4-7

Altars:

Shops:
D:1 *


Innate Abilities, Weirdness & Mutations

You can breathe blasts of fire.
Your fiery red scales are hard. (AC +7)
You cannot fit into any form of body armour.
Your flesh is heat resistant. (rF+)
You are cold-blooded and may be slowed by cold attacks.


Message History

Something hits you. Something shocks you.
* * * LOW HITPOINT WARNING * * *
You completely miss something. You tail-slap something.
Something hits you but does no damage.
You hit something.
Reactivating autopickup.
You feel a bit more experienced.
A gnoll comes into view. It is wielding a +0 whip.
Your Fire Magic skill increases to level 9!
Items here: ) ? [ †.
There is a stone staircase leading down here.
You feel better. Magic courses through your body.
You have got your breath back.
Casting: Flame Wave (dangerous; 9% risk of failure)
Confirm with . or Enter, or press ? or * to list all spells.
Casting: Flame Wave (dangerous; 9% risk of failure)
Press: ? - help, Dir - look around, f - activate A wave of flame ripples out!
The flame wave engulfs the wight.
The wight is moderately damaged.
The flame wave engulfs the gnoll!
The gnoll is severely wounded. (Press . to intensify the flame waves.)
The gnoll hits you with a +0 whip. The wight hits you with a +0 scimitar!
* * * LOW HITPOINT WARNING * * *
You feel drained.
* * * LOW HITPOINT WARNING * * *
Casting: Flame Wave (dangerous; 9% risk of failure)
Confirm with . or Enter, or press ? or * to list all spells.
Restarting spell: Flame Wave (dangerous; 9% risk of failure)
Press: ? - help, Dir - look around, f - activate A wave of flame ripples out!
The flame wave engulfs the wight!
The wight is severely damaged.
The flame wave engulfs the wight!
The wight is almost destroyed.
The flame wave engulfs the gnoll!
You kill the gnoll! (Press . to intensify the flame waves.)
The wight hits you with a +5 great sword!
You die...

.......###.###..
.......#.#......
..............# .. #
##........##.. .
#.##..))........##......
...#.#...........#..#.....#
..........>......#........#
..#..#.....).............#
#. ##...z@.>..........# #.
#....z.............# ..
#...).............####. .
#.....z..#.........<..#...
.....................)...O.
.........#.......###[......
..##.....#....o###..).....#
..#....................)...
..............##..........


You could see 3 wights and an orc.

Vanquished Creatures
  Menkaure (D:4)
  3 water moccasins
  A sky beast (D:7)
  A black bear (D:5)
  6 ogres
  2 phantoms
  2 bullfrogs
  4 necrophages (D:6)
  4 wights
  5 hounds
  2 jellies (D:6)
  3 orc priests (D:5)
  Terence (D:3)
  2 iguanas
  4 orc wizards
  6 mummies
  6 adders
  5 gnolls (D:7)
  2 white imps
  2 ufetubi
  A worm (D:2)
  A dart slug (D:1)
  21 orcs
  5 endoplasms
  A giant cockroach (D:3)
  5 hobgoblins
  8 kobolds
  2 quokkas
  4 ball pythons
  4 bats
  6 frilled lizards
  8 goblins
  10 rats
138 creatures vanquished.

Vanquished Creatures (collateral kills)
  A foxfire (D:1)
1 creature vanquished.

Vanquished Creatures (others)
  135 foxfires
  4 withered plants (Ossuary)
139 creatures vanquished.

Grand Total: 278 creatures vanquished

Notes
Turn   | Place    | Note
-------+----------+-------------------------------------------
     0 | D:1      | Rocko1345 the Draconian Fire Elementalist began the quest
                  | for the Orb.
     0 | D:1      | Reached XP level 1. HP: 14/14 MP: 3/3
   124 | D:1      | Reached XP level 2. HP: 20/20 MP: 1/5
   241 | D:1      | Learned a level 2 spell: Scorch
   260 | D:1      | Found Ata Zear's Assorted Antiques.
   421 | D:1      | Found a faded altar of an unknown god.
  1013 | D:2      | Learned a level 2 spell: Ensorcelled Hibernation
  1061 | D:2      | Reached XP level 3. HP: 9/26 MP: 0/6
  2091 | D:2      | Reached skill level 4 in Fire Magic
  2332 | D:2      | Reached XP level 4. HP: 33/33 MP: 1/8
  2560 | D:3      | Noticed Terence
  2570 | D:3      | Killed Terence
  3124 | D:3      | Got Sif Muna's Incunabulum of Quantum Poisoning
  3877 | D:4      | Noticed an ogre
  3880 | D:4      | Killed an ogre
  3881 | D:4      | Reached XP level 5. HP: 38/38 MP: 5/10
  3937 | D:4      | Reached skill level 1 in Ice Magic
  4080 | D:4      | Reached skill level 1 in Short Blades
  4080 | D:4      | Reached XP level 6. HP: 44/45 MP: 6/11
  4172 | D:4      | Learned a level 2 spell: Static Discharge
  4207 | D:4      | Noticed Menkaure
  4217 | D:4      | Killed Menkaure
  4860 | D:4      | Reached skill level 5 in Fire Magic
  4860 | D:4      | Your scales start taking on a fiery red colour.
  4860 | D:4      | Reached skill level 6 in Fire Magic
  4860 | D:4      | Reduced skill Ice Magic to level 1
  4860 | D:4      | Reached XP level 7. HP: 25/50 MP: 6/13
  4860 | D:4      | Gained mutation: Your flesh is heat resistant. (rF+) [Red
                  | Draconian growth]
  5143 | D:5      | Entered Level 5 of the Dungeon
  5350 | D:5      | Reached skill level 5 in Spellcasting
  5616 | D:5      | Reached skill level 7 in Fire Magic
  5768 | D:5      | Learned a level 4 spell: Flame Wave
  5789 | D:5      | Reached XP level 8. HP: 30/57 MP: 9/16
  6540 | D:6      | Reached skill level 8 in Fire Magic
  6595 | D:6      | Learned a level 3 spell: Conjure Flame
  6611 | D:6      | Found a sand-covered staircase.
  6688 | Ossuary  | Entered an ossuary
  6705 | Ossuary  | Reached skill level 1 in Polearms
  7328 | D:6      | Learned a level 2 spell: Passwall
  7411 | D:7      | Reached XP level 9. HP: 63/63 MP: 14/19
  7998 | D:7      | Reached skill level 1 in Fighting
  8002 | D:7      | Reached skill level 9 in Fire Magic
  8012 | D:7      | Slain by a wight

Illustrated notes

Levels and vault maps discovered:
D:1:      dpeg_arrival_shelter, layout_rooms,
          shapermc_ecumenical_altar_hornbeckon, serial_shops, shop
D:2:      layout_loops_cross
D:3:      layout_basic, uniq_terence
D:4:      layout_loops_ring, minmay_misc_feat_encased,
          nicolae_concentric_dashed_squares_mild, uniq_menkaure
D:5:      layout_rooms, minmay_misc_feat_chi
D:6:      layout_loops_ring, nicolae_ossuary_entry_monument, minmay_statues_item
D:7:      layout_cave_pools, minmay_temple_entry_tees, nicolae_fountain_basement

Skill      XL: |  1  2  3  4  5  6  7  8  9 |
---------------+----------------------------+-----
Stealth        | 2 |  2.8
Dodging        | 2 3 |  3.6
Fire Magic     | 4 6 7 8 9 |  9.0
Spellcasting   | 3 4 5 6 7 |  7.4
Ice Magic      | 1 1 2 3 |  3.1
Short Blades   | 1 |  1.6
Conjurations   | 2 |  2.5
Polearms       | 1 2 |  2.2
Fighting       | 1 |  1.0

Action                   |  1- 3 |  4- 6 |  7- 9 || total
-------------------------+-------+-------+-------++-------
Melee: Flail             |    13 |       |       ||    13
       Dagger            |    12 |    30 |    18 ||    60
       Tailslap          |     2 |     4 |    11 ||    17
       Punch             |     1 |       |     2 ||     3
       Trident           |       |       |    69 ||    69
 Cast: Foxfire           |    45 |    17 |    31 ||    93
       Scorch            |     8 |    32 |    46 ||    86
       Flame Wave        |       |       |    10 ||    10
       Conjure Flame     |       |       |     3 ||     3
 Abil: Breathe Fire      |       |       |    11 ||    11
  Use: Potion            |     1 |       |     2 ||     3
       Scroll            |       |     1 |     3 ||     4
 Stab: Sleeping          |       |     2 |       ||     2
Armor: Skin              |    29 |     4 |    30 ||    63
Dodge: Dodged            |    44 |    14 |    92 ||   150

Table legend: (Time is in decaauts)
 A = Elapsed time spent in this place.
 B = Non-inter-level travel time spent in this place.
 C = Inter-level travel time spent in this place.
 D = Time resting spent in this place.
 E = Time spent auto-exploring this place.
 F = Levels seen in this place.
 G = Mean time per level.
                   A        B        C        D        E       F      G
               +--------+--------+--------+--------+--------+-----+--------+
         Total |   8017 |   7913 |    104 |   3016 |   2923 |   8 | 1002.1 |
       Dungeon |   7980 |   7876 |    104 |   3016 |   2923 |   7 | 1140.0 |
       Ossuary |     36 |     36 |      0 |      0 |      0 |   1 |   36.0 |
               +--------+--------+--------+--------+--------+-----+--------+

Top non-repeatable levels by time:
     D:2: 1562 daAuts
     D:6: 1426 daAuts
     D:3: 1296 daAuts
     D:4: 1274 daAuts
     D:5: 1176 daAuts
     D:1: 1002 daAuts
     D:7: 241 daAuts
 Ossuary: 36 daAuts
